 Dungeon Crawl Stone Soup version 0.31-a0-963-ga325b2283a (webtiles) character file.

Game seed: 4791738791228805216

129 Arcadio the Chiller (level 5, -8/38 HPs)
             Began as a Ghoul Ice Elementalist on Oct 24, 2023.
             Killed from afar by Ijyb (10 damage)
             ... with a puff of flame
             ... on level 3 of the Dungeon.
             The game lasted 00:04:25 (2372 turns).

Arcadio the Chiller (Ghoul Ice Elementalist)        Turns: 2372, Time: 00:04:26

Health: -8/38      AC:  2    Str: 12    XL:     5   Next: 12%
Magic:  1/8        EV: 12    Int: 12    God:
Gold:   102        SH:  0    Dex:  9    Spells: 5/9 levels left

rFire   . . .        g - +3 dagger (venom)
rCold   + . .        (no shield)
rNeg    + + +        a - +0 robe
rPois   ∞            (no helmet)
rElec   .            (no cloak)
rCorr   .            (no gloves)
SInv    .            (no boots)
Will    .....        (no amulet)
Stlth   ++           (no ring)
HPRegen 0.00/turn    (no ring)
MPRegen 0.11/turn

%: no passive effects
@: freezing walls, inhibited regen
A: claws 1, cold resistance 1, negative energy resistance 3, inhibited
regeneration, torment resistance 2, devour on kill
a: no special abilities


You were on level 3 of the Dungeon.
You visited 1 branch of the dungeon, and saw 3 of its levels.

You collected 102 gold pieces.

Inventory:

Hand Weapons
 g - a +3 dagger of venom (weapon)
Armour
 a - a +0 robe (worn)
Scrolls
 c - a scroll of brand weapon {unknown}
 e - a scroll of fog
 f - 4 scrolls of identify {unknown}
 h - a scroll of teleportation {unknown}
 j - a scroll of torment {unknown}
 k - a scroll of poison {unknown}
 m - a scroll of noise {unknown}
Potions
 b - 3 potions of magic
 d - 5 potions of heal wounds {unknown}
 i - 2 potions of curing {unknown}
 l - a potion of lignification {unknown}
 n - a potion of haste {unknown}


   Skills:
 + Level 3.1 Dodging
 - Level 2.1 Stealth
 + Level 2.8 Spellcasting
 + Level 5.3 Ice Magic


You had 5 spell levels left.
You knew the following spells:

 Your Spells              Type           Power      Damage    Failure   Level
a - Freeze                Ice            56%        1d7       2%          1
b - Frozen Ramparts       Ice            28%        1d5       9%          3

Your spell library contained the following spells:

 Spells                   Type           Power      Damage    Failure   Level
 Ozocubu's Armour         Ice            14%        N/A       9%          3
 Summon Ice Beast         Ice/Summ       8%         N/A       63%         4
 Summon Hydra             Summ           0%         N/A       100%        7
 Sublimation of Blood     Necr           Unusable   N/A       N/A         2
 Wereblood                Tmut           Unusable   N/A       N/A         2

Dungeon Overview and Level Annotations

Branches:
Dungeon (3/15) Zot: 15628

Altars:

Annotations:
D:3 Ijyb


Innate Abilities, Weirdness & Mutations

You are immune to poison.
You have sharp fingernails.
Your flesh is cold resistant. (rC+)
You are immune to negative energy. (rN+++)
You do not regenerate when monsters are visible.
You are immune to unholy pain and torment.
You thrive by killing the living.


Message History

Ijyb hits you with a +1 spectral club.
* * * LOW HITPOINT WARNING * * *
Okay, then.
Casting: Frozen Ramparts (dangerous; 9% risk of failure)
Confirm with . or Enter, or press ? or * to list all spells.
Aiming: Freeze (safe; 2% risk of failure)
Press: ? - help, Shift-Dir - straight line, f - Ijyb
Aim: Ijyb, wielding a +1 spectral club, wearing a +2 leather armour of cold resistance and carrying a wand of flame (moderately wounded, very poisoned)
You freeze Ijyb but do no damage.
Ijyb completely resists. x2
The wall freezes Ijyb but does no damage.
Ijyb closely misses you.
Casting: Freeze (safe; 2% risk of failure)
Confirm with . or Enter, or press ? or * to list all spells.
Aiming: Freeze (safe; 2% risk of failure)
Press: ? - help, Shift-Dir - straight line, f/p - Ijyb
Aim: Ijyb, wielding a +1 spectral club, wearing a +2 leather armour of cold resistance and carrying a wand of flame (moderately wounded, very poisoned)
You freeze Ijyb.
Ijyb resists.
Ijyb is heavily wounded.
The wall freezes Ijyb but does no damage.
Ijyb screams, "Get away!"
Ijyb zaps a wand.
The puff of flame hits you.
* * * LOW HITPOINT WARNING * * *
Casting: Freeze (safe; 2% risk of failure)
Confirm with . or Enter, or press ? or * to list all spells.
Aiming: Freeze (safe; 2% risk of failure)
Press: ? - help, Shift-Dir - straight line, f/p - Ijyb
Aim: Ijyb, wielding a +1 spectral club, wearing a +2 leather armour of cold resistance and carrying a wand of flame (heavily wounded, very poisoned)
You freeze Ijyb.
Ijyb resists.
Ijyb is severely wounded.
The wall freezes Ijyb but does no damage.
Ijyb closely misses you.
Casting: Freeze (safe; 2% risk of failure)
Confirm with . or Enter, or press ? or * to list all spells.
Aiming: Freeze (safe; 2% risk of failure)
Press: ? - help, Shift-Dir - straight line, f/p - Ijyb
Aim: Ijyb, wielding a +1 spectral club, wearing a +2 leather armour of cold resistance and carrying a wand of flame (severely wounded, very poisoned)
You freeze Ijyb but do no damage.
Ijyb completely resists.
The wall freezes Ijyb but does no damage.
Ijyb zaps a wand.
The puff of flame hits you!
You die...

... ..# ##. #.# #<. #.#
#.# #.# #.# #.# #.# #.##
#.# #..# #.#####.## ##.#
######.@g......
######.###......######.#
##.........####.#
...###...######.# ####
###......#.# #
####...#.# ## ..#.# .##
.#.# ..## #.#


You could see Ijyb (very poisoned).

Vanquished Creatures
  Jessica (D:2)
  Terence (D:2)
  2 adders (D:2)
  A worm (D:2)
  A dart slug (D:1)
  4 endoplasms
  3 giant cockroaches
  3 goblins
  8 hobgoblins
  4 kobolds
  3 quokkas
  11 ball pythons
  4 bats
  4 frilled lizards
  7 rats
57 creatures vanquished.

Notes
Turn   | Place    | Note
-------+----------+-------------------------------------------
     0 | D:1      | Arcadio the Ghoul Ice Elementalist began the quest for the
                  | Orb.
     0 | D:1      | Reached XP level 1. HP: 14/14 MP: 2/2
   200 | D:1      | Reached XP level 2. HP: 6/20 MP: 2/4
   554 | D:1      | Reached XP level 3. HP: 13/26 MP: 3/5
   558 | D:1      | Learned a level 3 spell: Frozen Ramparts
   970 | D:2      | Noticed Terence
   985 | D:2      | Killed Terence
   986 | D:2      | Reached XP level 4. HP: 6/33 MP: 0/6
  1155 | D:2      | Reached skill level 5 in Ice Magic
  1484 | D:2      | Noticed Jessica
  1492 | D:2      | Killed Jessica
  1805 | D:2      | Reached XP level 5. HP: 38/38 MP: 8/8
  2358 | D:3      | Noticed Ijyb
  2372 | D:3      | Killed from afar by Ijyb

Illustrated notes

Levels and vault maps discovered:
D:1:      reono_arrival_mine, layout_basic, minmay_ruptured
D:2:      kb_forest_paths, layout_basic, uniq_jessica, uniq_terence
D:3:      layout_rooms, nicolae_figureground_pulse, uniq_crazy_yiuf_cottage,
          uniq_ijyb, uniq_grinder

Skill      XL: |  1  2  3  4 |
---------------+-------------+-----
Dodging        | 2 3 |  3.1
Spellcasting   | 2 |  2.8
Ice Magic      | 5 |  5.3
Stealth        | |  2.1

Action                     |  1- 3 |  4- 6 || total
---------------------------+-------+-------++-------
  Melee: Unarmed           |    77 |       ||    77
         Punch             |     2 |     1 ||     3
         Dagger            |     9 |    68 ||    77
   Cast: Freeze            |    17 |     5 ||    22
         Frozen Ramparts   |       |     3 ||     3
    Use: Scroll            |     1 |       ||     1
   Stab: Sleeping          |     2 |     3 ||     5
 Armour: Robe              |    50 |    47 ||    97
  Dodge: Dodged            |    58 |    34 ||    92

Table legend: (Time is in decaauts)
 A = Elapsed time spent in this place.
 B = Non-inter-level travel time spent in this place.
 C = Inter-level travel time spent in this place.
 D = Time resting spent in this place.
 E = Time spent auto-exploring this place.
 F = Levels seen in this place.
 G = Mean time per level.
                   A        B        C        D        E       F      G
               +--------+--------+--------+--------+--------+-----+--------+
         Total |   2371 |   2274 |     97 |      0 |   1860 |   3 |  790.3 |
       Dungeon |   2371 |   2274 |     97 |      0 |   1860 |   3 |  790.3 |
               +--------+--------+--------+--------+--------+-----+--------+

Top non-repeatable levels by time:
     D:2: 1374 daAuts
     D:1: 920 daAuts
     D:3: 75 daAuts
